[Event "FIDE World Cadets GU12 2022"]
[Site "Batumi"]
[Date "2022.09.24"]
[Round "8.1"]
[White "Ismayilova, Khanim"]
[Black "Mgeladze, Kesaria"]
[Result "1/2-1/2"]
[ECO "A36"]
[WhiteElo "1901"]
[BlackElo "1771"]
[Annotator "TA"]
[PlyCount "169"]
[EventDate "2022.09.16"]
[EventType "swiss"]
[EventCountry "GEO"]
[SourceTitle "playchess.com"]
[Source "ChessBase"]
[SourceQuality "1"]
[TimeControl "5400+30"]

1. e4 c5 2. c4 Nc6 3. Nc3 g6 4. g3 Bg7 5. Bg2 Rb8 6. Nge2 a6 7. a4 {[%emt 0:01:30] A36: Symmetrical English vs ...g6: 4 Bg2 Bg7.} d6 8. O-O Bg4 {[%emt 0:00:30] [#]} 9. d3 $146 ({Predecessor:} 9. f3 Bd7 10. d3 f5 11. Be3 Nf6 12. h3 O-O 13. Qd2 e5 14. Bg5 Qa5 15. Rfb1 {½-½ (26) Alanic,X (2264)-Collas,D (2399) Caen 2011}) 9... Bxe2 10. Qxe2 e6 11. Be3 Nge7 12. Qd2 O-O 13. Bh6 Nd4 14. Bxg7 Kxg7 15. Ne2 Nec6 16. Nxd4 Nxd4 17. b4 e5 18. Rab1 {[%emt 0:02:30] Inhibits Nb3.} cxb4 19. Rxb4 b5 20. axb5 axb5 21. Rfb1 {[%emt 0:03:30] [#]} (21. cxb5 $11 Rxb5 22. Rxb5 Nxb5 23. f4) 21... Qa5 (21... bxc4 $1 $17 22. Rxb8 (22. dxc4 Qc7) 22... Qxb8 23. Rxb8 Rxb8) 22. Qb2 (22. Qd1 $1 $11) 22... bxc4 23. dxc4 (23. Rxb8 $11 c3 24. Qb4 Rxb8 25. Qxb8 (25. Qxa5 $2 {perishes.} Rxb1+ 26. Bf1 c2 $19)) 23... Rxb4 24. Qxb4 Qxb4 25. Rxb4 $17 {[%emt 0:00:00][%mdl 4096] Endgame KRB-KRN} Kf6 (25... Rc8 $15) 26. Rb6 $11 Ke7 27. Rb7+ Kf6 28. Rd7 Rc8 29. Rxd6+ Ke7 30. Rd5 Rxc4 31. Rxe5+ Kf6 32. Rd5 Ne2+ 33. Kf1 Nc3 {[%emt 0:00:06] White must now prevent ...Rb4.} 34. Rd6+ Ke5 35. Rd7 Kf6 36. e5+ Kxe5 37. Rxf7 {[%emt 0:00:00] White is more active.} h6 38. Bh3 Nd5 39. Rd7 Rc5 40. f4+ Nxf4 41. gxf4+ $18 Kxf4 $14 {[%emt 0:00:06] KRB-KR} 42. Rd2 (42. Rd6 $18) 42... g5 (42... h5 $16 43. Rf2+ Ke3 44. Re2+ Kf4 45. Rf2+ Ke3 46. Re2+ Kf4) 43. Rf2+ $18 Ke3 {[%emt 0:00:00] [#]} 44. Bg4 $1 Rc4 45. h3 (45. Rf3+ $18 Kd4 46. Kf2) 45... Rf4 $11 46. Rxf4 Kxf4 {[%emt 0:00:05] KB-KPP} (46... gxf4 $11 47. Be2 Kd4) 47. Kf2 $18 Ke5 48. Ke3 Kf6 {[%emt 0:00:08] [#]} 49. Ke4 $2 ({Only move:} 49. Bh5 $1 $18) 49... Kg6 $1 $11 {[%emt 0:00:06] The position is equal.} (49... Kg7 50. Kf5 $18) 50. Ke5 h5 $1 51. Bf5+ Kf7 52. Be6+ Kg6 53. Bf5+ Kf7 54. Be6+ Kg6 55. Bd5 Kg7 56. Bc4 Kg6 57. Bd3+ Kg7 58. Bc2 Kf7 59. Ke4 Kf6 60. Bb3 Kg6 61. Ke5 Kg7 62. Ke6 Kg6 63. Bc2+ Kg7 64. Bd3 Kg8 65. Bc2 Kg7 66. Ke7 Kh6 67. Be4 {[%emt 0:00:45] aiming for Kf7.} Kg7 68. Ke6 Kg8 69. Bf5 Kh8 70. Kf7 g4 $1 71. h4 g3 72. Bh3 Kh7 73. Bg2 Kh8 74. Bf3 g2 75. Bxg2 {[%emt 0:00:30] KB-KP} Kh7 76. Kf8 Kh8 77. Bf3 Kh7 78. Bxh5 Kh8 79. Bg4 Kh7 80. h5 Kh8 81. Kf7 Kh7 82. Bf5+ Kh8 83. Kg6 Kg8 84. h6 Kh8 85. h7 {[%emt 0:00:00] Weighted Error Value: White=0.25 (precise) /Black=0.18 (very precise)} 1/2-1/2

[Event "FIDE World Cadets GU12 2022"]
[Site "Batumi"]
[Date "2022.09.24"]
[Round "8.2"]
[White "Kaliakhmet, Elnaz"]
[Black "Yousefian, Maedeh"]
[Result "0-1"]
[ECO "E19"]
[WhiteElo "1864"]
[BlackElo "1765"]
[Annotator "NA RC COMBH"]
[PlyCount "120"]
[EventDate "2022.09.16"]
[EventType "swiss"]
[EventCountry "GEO"]
[SourceTitle "playchess.com"]
[Source "ChessBase"]
[SourceQuality "1"]
[TimeControl "5400+30"]

1. d4 Nf6 2. c4 e6 3. Nf3 b6 4. g3 Bb7 5. Bg2 Be7 6. O-O O-O 7. Nc3 Ne4 8. Qc2 Nxc3 9. Qxc3 d6 10. b3 Nd7 11. Bb2 Qe8 12. Qc2 f5 13. Ne1 Bxg2 14. Nxg2 Bf6 15. Rad1 g6 16. e4 fxe4 17. Qxe4 Rf7 18. Nf4 Nf8 19. Rfe1 Re7 20. Ba3 Rd8 21. c5 bxc5 22. dxc5 d5 23. Qf3 c6 24. Nh5 Bh8 25. Nf6+ Bxf6 26. Qxf6 Nd7 27. Qf3 Qf7 28. Qd3 Rf8 29. Rd2 Nf6 30. Rde2 Ne4 31. Rf1 e5 32. b4 Ng5 33. b5 Nf3+ 34. Kg2 e4 35. Qc3 Ng5 36. Re3 Qf5 37. g4 Qxg4+ 38. Rg3 Qf5 39. Bb2 Ne6 40. Kh1 d4 41. Qb3 Kg7 42. bxc6 h5 43. Qc4 Rd8 44. Rfg1 g5 45. Qc1 Kg6 46. Qd2 h4 47. Rg4 Qf3+ 48. R1g2 Rd5 49. Kg1 Kh5 50. Bc1 Nf4 51. a4 Nxg2 52. Rxg5+ Kh6 53. Rxd5+ Ne3 54. Rd6+ Kh7 55. Rg6 Kxg6 56. fxe3 Kh7 57. Qxd4 Rg7+ 58. Qxg7+ Kxg7 59. c7 h3 60. Bb2+ Kh7 0-1

[Event "FIDE World Cadets GU12 2022"]
[Site "Batumi"]
[Date "2022.09.24"]
[Round "8.3"]
[White "Shubhi Gupta"]
[Black "Merkulova, Victoria"]
[Result "1-0"]
[ECO "A43"]
[WhiteElo "1733"]
[BlackElo "1715"]
[Annotator "NA RC COMBH"]
[PlyCount "55"]
[EventDate "2022.09.16"]
[EventType "swiss"]
[EventCountry "GEO"]
[SourceTitle "playchess.com"]
[Source "ChessBase"]
[SourceQuality "1"]
[TimeControl "5400+30"]

1. d4 Nf6 2. Nc3 c5 3. d5 g6 4. e4 d6 5. Be2 Bg7 6. Be3 O-O 7. Qd2 Bd7 8. a4 Na6 9. h3 e6 10. dxe6 Bxe6 11. Bxa6 bxa6 12. Rd1 Qa5 13. Nge2 Rad8 14. O-O Rfe8 15. Bg5 Qb4 16. e5 Nd7 17. Bxd8 Rxd8 18. exd6 Ne5 19. Qf4 Qxb2 20. Ne4 Bf5 21. N2g3 Bxe4 22. Nxe4 Nc6 23. Nxc5 Be5 24. Qe4 Nd4 25. Nd3 Qxc2 26. Qxe5 Ne2+ 27. Kh1 Nc3 28. Rc1 1-0

[Event "FIDE World Cadets GU12 2022"]
[Site "Batumi"]
[Date "2022.09.24"]
[Round "8.4"]
[White "Goriachkina, Oksana"]
[Black "Maklakova, Naomi"]
[Result "1-0"]
[ECO "D45"]
[WhiteElo "1748"]
[BlackElo "1635"]
[Annotator "NA RC COMBH"]
[PlyCount "88"]
[EventDate "2022.09.16"]
[EventType "swiss"]
[EventCountry "GEO"]
[SourceTitle "playchess.com"]
[Source "ChessBase"]
[SourceQuality "1"]
[TimeControl "5400+30"]

1. d4 d5 2. c4 e6 3. Nc3 c6 4. e3 Nf6 5. Nf3 Nbd7 6. Be2 Bd6 7. O-O O-O 8. b3 Ne4 9. Bb2 f5 10. g3 Ndf6 11. Ne5 Nxc3 12. Bxc3 Ne4 13. Bb2 g5 14. Bd3 Nf6 15. c5 Bc7 16. f4 g4 17. b4 Bd7 18. Qb3 a5 19. a3 Qc8 20. Bc3 a4 21. Qd1 Be8 22. Bc2 b5 23. cxb6 Bxb6 24. Bxa4 c5 25. Bxe8 cxd4 26. Bxd4 Bxd4 27. exd4 Qxe8 28. Nd3 Ne4 29. Nc5 Nc3 30. Qd3 Na4 31. Rfe1 Rf6 32. Re2 Qc6 33. Rae1 h5 34. Qb3 Nxc5 35. dxc5 Kf7 36. Rc2 Qb5 37. Rd1 Kg6 38. Qd3 Qa4 39. Re1 Qa6 40. Qxa6 Rxa6 41. c6 Ra8 42. c7 Rc8 43. b5 e5 44. Rxe5 Rb6 1-0

[Event "FIDE World Cadets GU12 2022"]
[Site "Batumi"]
[Date "2022.09.24"]
[Round "8.5"]
[White "Preobrazhenskaya, Diana"]
[Black "Kholyavko, Mariya"]
[Result "1-0"]
[ECO "B36"]
[WhiteElo "1994"]
[BlackElo "1421"]
[Annotator "TA"]
[PlyCount "73"]
[EventDate "2022.09.16"]
[EventType "swiss"]
[EventCountry "GEO"]
[SourceTitle "playchess.com"]
[Source "ChessBase"]
[SourceQuality "1"]
[TimeControl "5400+30"]

1. e4 c5 2. Nf3 Nc6 3. d4 cxd4 4. Nxd4 g6 5. c4 Nf6 6. Nc3 Nxd4 7. Qxd4 d6 8. Be2 Bg7 9. Be3 O-O 10. Qd2 a5 {[%emt 0:00:00] B36: Sicilian: Maroczy Bind: Gurgenidze System.} 11. f3 a4 12. Rb1 Qa5 {[%emt 0:01:30] The position is equal.} 13. Kf2 {[%emt 0:01:30] [#]} Be6 $146 ({Predecessor:} 13... Qe5 14. Bf4 Qc5+ 15. Be3 Qe5 16. Bf4 Qc5+ 17. Be3 {½-½ (17) Stern,R (2515)-Barseghyan,A (2313) Berlin 2019}) 14. Nd5 Nxd5 (14... Bxd5 $5 15. Qxa5 (15. cxd5 e6 $11) (15. exd5 Qxd2 16. Bxd2 e6 $11) 15... Rxa5 16. exd5 (16. cxd5 e6 $11) 16... e6 $11) 15. Qxa5 (15. exd5 Qxd2 16. Bxd2 Bf5 $15) 15... Rxa5 16. cxd5 Bd7 17. Rhc1 Bb5 {[%emt 0:13:30] [#]} (17... b5 $14 {might be stronger.}) 18. Rc7 $1 $16 Bxe2 19. Kxe2 Rb5 20. b4 {[%emt 0:04:30] aiming for Kd3.} axb3 21. Rxb3 (21. axb3 $6 e6 $14) 21... Ra5 22. a3 {[%emt 0:02:30] White has more active pieces.} (22. Rbxb7 $6 Rxa2+ 23. Kd3 Ra3+ 24. Kd2 Rfa8 $11) 22... Be5 (22... Bf6 $16 {might work better.}) 23. Rxe7 $18 Rfa8 24. Bh6 (24. Rexb7 Bxh2 25. Bh6 f5 26. Rg7+ Kh8) (24. Rbxb7 Rxa3 25. f4 (25. Rxf7 Ra2+ 26. Kd1 Rxg2 $14) 25... R8a4 $14) (24. f4 $18 {is more deadly.} Bf6 25. Rd7) 24... f5 (24... b5 $16 {was worth a try.} 25. h3 Ra4) 25. f4 (25. Rexb7 $6 Rxa3 26. f4 Rxb3 27. Rxb3 Bf6 $16) 25... Bh8 (25... Bf6 26. Re6 (26. Rexb7 fxe4 27. Rb8+ Rxb8 $14) 26... Ba1 27. exf5 (27. Rxb7 fxe4 28. Rxe4 Rxd5 $16) 27... gxf5 28. Rg3+ (28. Rxd6 Rxa3 29. Rxa3 Rxa3 $18) 28... Kf7) 26. exf5 Rxd5 27. fxg6 hxg6 28. Rg3 Bb2 29. Rxg6+ Kh8 30. Bg7+ Bxg7 31. Rgxg7 ({Resist} 31. Rexg7 Rb5 32. Rd7 Rb2+ 33. Kf3 Rxa3+ 34. Ke4 Ra5 $18) 31... Rxa3 $2 {[%emt 0:01:30][%mdl 4096] Endgame KRR-KRR} (31... Rh5 32. h3 Rh4) 32. Rh7+ Kg8 33. Reg7+ Kf8 34. Rxb7 {[%emt 0:00:23][%cal Rh7h8] [#]} Kg8 {[%emt 0:01:00] Inhibits Rh8+.} 35. Rhd7 Ra8 {[%emt 0:00:30] Against Rb8+} 36. Kf3 {[%emt 0:01:07] Rg7+ would kill now.} Rd4 37. Kg4 {[%emt 0:01:42] Weighted Error Value: White=0.11 (very precise) /Black=0.70} 1-0

[Event "FIDE World Cadets GU12 2022"]
[Site "Batumi"]
[Date "2022.09.24"]
[Round "8.6"]
[White "Huseynli, Ayan"]
[Black "Aydogan, Arya"]
[Result "1/2-1/2"]
[ECO "D15"]
[WhiteElo "1572"]
[BlackElo "1489"]
[Annotator "NA RC COMBH"]
[PlyCount "174"]
[EventDate "2022.09.16"]
[EventType "swiss"]
[EventCountry "GEO"]
[SourceTitle "playchess.com"]
[Source "ChessBase"]
[SourceQuality "1"]
[TimeControl "5400+30"]

1. d4 d5 2. e3 Bf5 3. c4 e6 4. Qb3 b6 5. Nc3 Nf6 6. Nf3 c6 7. cxd5 exd5 8. Bd2 Bd6 9. Be2 O-O 10. O-O Nbd7 11. Rac1 Qe7 12. Ba6 Nb8 13. Be2 Nbd7 14. Nh4 Be6 15. f4 Ne4 16. Be1 g6 17. Nxe4 dxe4 18. Bc4 Bxc4 19. Qxc4 Rfc8 20. a4 Kg7 21. f5 Nf6 22. g3 Nd5 23. Ng2 Qg5 24. fxg6 hxg6 25. Qe2 Qh6 26. Nf4 Bxf4 27. gxf4 Rh8 28. h4 Rac8 29. Rc4 Qh5 30. Qxh5 gxh5 31. Kf2 f5 32. Bd2 Rc7 33. Rfc1 Rhc8 34. b4 a6 35. R4c2 Kf6 36. Rg1 Rh8 37. Rc4 Kf7 38. Ke2 Kf6 39. Rg5 Rcc8 40. Rc1 Ne7 41. Bc3 Nd5 42. Bb2 b5 43. a5 Rh7 44. Ba3 Rg7 45. Kf2 Rxg5 46. fxg5+ Kg6 47. Rb1 Rf8 48. Bc1 f4 49. exf4 Nxf4 50. Bxf4 Rxf4+ 51. Ke3 Rxh4 52. Rc1 Kxg5 53. Rc5+ Kg4 54. Rxc6 Rh1 55. Rxa6 Re1+ 56. Kf2 Rb1 57. Ra8 Rb2+ 58. Ke3 Rb3+ 59. Kxe4 Rxb4 60. a6 Ra4 61. a7 Kh3 62. Rh8 Rxa7 63. Rxh5+ Kg4 64. Rxb5 Rd7 65. Re5 Ra7 66. Re6 Kg5 67. Ke5 Ra1 68. d5 Rd1 69. Re7 Kg6 70. Ke6 Re1+ 71. Kd7 Rd1 72. d6 Kf6 73. Re8 Kf7 74. Rc8 Rd2 75. Rc6 Rd1 76. Kd8 Ra1 77. Kd7 Ra7+ 78. Rc7 Ra6 79. Rc6 Ra7+ 80. Kc8 Ke8 81. Rc7 Ra8+ 82. Kb7 Rd8 83. Rc8 Kd7 84. Rxd8+ Kxd8 85. Kc6 Kc8 86. Kc5 Kd7 87. Kd5 Kd8 1/2-1/2

[Event "FIDE World Cadets GU12 2022"]
[Site "Batumi"]
[Date "2022.09.24"]
[Round "8.7"]
[White "Abramkina, Veranika"]
[Black "Saparya Ghosh"]
[Result "1-0"]
[ECO "D30"]
[WhiteElo "1445"]
[BlackElo "1563"]
[Annotator "NA RC COMBH"]
[PlyCount "171"]
[EventDate "2022.09.16"]
[EventType "swiss"]
[EventCountry "GEO"]
[SourceTitle "playchess.com"]
[Source "ChessBase"]
[SourceQuality "1"]
[TimeControl "5400+30"]

1. c4 e6 2. Nf3 d5 3. e3 Nf6 4. b3 Be7 5. Bb2 O-O 6. d4 Nbd7 7. Bd3 b6 8. O-O Bb7 9. Nbd2 c5 10. Qe2 dxc4 11. bxc4 cxd4 12. exd4 Rc8 13. Rac1 Nb8 14. Rfd1 Nc6 15. Bb1 Na5 16. Ne5 Rc7 17. Nb3 Nxb3 18. axb3 Qa8 19. f3 Bb4 20. Qc2 g6 21. Qf2 Be7 22. Bc3 Re8 23. Bd2 Bf8 24. Bg5 Bg7 25. Qh4 Nd7 26. Ng4 f5 27. Nf6+ Nxf6 28. Bxf6 Bxf6 29. Qxf6 Rf7 30. Qe5 Qb8 31. Re1 Qxe5 32. Rxe5 Rd8 33. Rxe6 Rxd4 34. b4 Rfd7 35. Kf2 Kf7 36. Re2 Kf6 37. Ba2 Rc7 38. c5 Rxb4 39. Re6+ Kg5 40. Kg3 f4+ 41. Kf2 Rb2+ 42. Re2 Rxe2+ 43. Kxe2 Ba6+ 44. Kd2 Rxc5 45. Re1 Bc4 46. Bb1 Rc7 47. Re5+ Kf6 48. Re4 g5 49. Rd4 b5 50. g3 fxg3 51. hxg3 Be6 52. Bd3 Bc4 53. Be4 a5 54. f4 gxf4 55. gxf4 Be6 56. Rd6 Rc4 57. Kd3 Ke7 58. Rb6 Rb4 59. f5 Bc4+ 60. Kd4 Bf7+ 61. Ke5 Rb2 62. Rb7+ Ke8 63. Bc6+ Kf8 64. Kf6 Be8 65. Rb8 Re2 66. Bxe8 Rxe8 67. Rxe8+ Kxe8 68. Kg7 b4 69. f6 Kd7 70. f7 Kc6 71. f8=Q Kb5 72. Kxh7 a4 73. Qf1+ Kc5 74. Qc1+ Kb5 75. Qc2 b3 76. Qc3 Ka6 77. Qb4 b2 78. Qxa4+ Kb6 79. Qb3+ Ka5 80. Qxb2 Ka6 81. Kg6 Ka7 82. Qb5 Ka8 83. Kf6 Ka7 84. Ke7 Ka8 85. Kd7 Ka7 86. Kc7 1-0

[Event "FIDE World Cadets GU12 2022"]
[Site "Batumi"]
[Date "2022.09.24"]
[Round "8.8"]
[White "Alfano, Emilie"]
[Black "Sezdbekova, Aizhan"]
[Result "0-1"]
[ECO "C29"]
[WhiteElo "1712"]
[BlackElo "1447"]
[Annotator "NA RC COMBH"]
[PlyCount "140"]
[EventDate "2022.09.16"]
[EventType "swiss"]
[EventCountry "GEO"]
[SourceTitle "playchess.com"]
[Source "ChessBase"]
[SourceQuality "1"]
[TimeControl "5400+30"]

1. e4 e5 2. Nc3 Nf6 3. f4 d5 4. fxe5 Nxe4 5. Qf3 Nxc3 6. dxc3 Bc5 7. Bf4 Be6 8. Qg3 g6 9. Nf3 c6 10. Bd3 Qb6 11. b4 Be3 12. Ng5 Bxf4 13. Qxf4 Nd7 14. Rf1 O-O-O 15. O-O-O Rdf8 16. Rfe1 c5 17. a4 a5 18. Bb5 Nb8 19. Qe3 axb4 20. cxb4 h6 21. Nxe6 fxe6 22. bxc5 Qc7 23. Qh3 Rf5 24. Bd3 Rxe5 25. Qg3 Rxe1 26. Qxc7+ Kxc7 27. Rxe1 Kd7 28. Rf1 Rh7 29. Rf8 Nc6 30. Rf6 Ne5 31. Bxg6 Rg7 32. Bh5 Rxg2 33. Rxh6 Nc4 34. Kb1 Na3+ 35. Kb2 Nxc2 36. Kc3 d4+ 37. Kc4 Ne3+ 38. Kd3 e5 39. Bf3 Rb2 40. Rh7+ Kc8 41. Be4 Rb3+ 42. Ke2 Rb2+ 43. Kd3 Rb3+ 44. Kd2 Nc4+ 45. Kc2 Rc3+ 46. Kd1 Nb2+ 47. Kd2 Nc4+ 48. Kd1 d3 49. Rh8+ Kc7 50. Rh7+ Kc8 51. Rh8+ Kd7 52. Rh7+ Ke6 53. Rh6+ Ke7 54. Rh7+ Kf6 55. h4 d2 56. Rh6+ Ke7 57. Rh7+ Kf8 58. Rh8+ Kg7 59. Rh7+ Kg8 60. Rd7 Rc1+ 61. Ke2 Re1+ 62. Kf2 Rxe4 63. h5 Rh4 64. Rd8+ Kf7 65. Rd7+ Ke6 66. Rd3 Rxh5 67. a5 Nxa5 68. Rd6+ Ke7 69. Ke2 Rh2+ 70. Kd1 Nc4 0-1

[Event "FIDE World Cadets GU12 2022"]
[Site "Batumi"]
[Date "2022.09.24"]
[Round "8.9"]
[White "Altynbek, Aiaru"]
[Black "Beber, Anja"]
[Result "0-1"]
[ECO "A43"]
[WhiteElo "1373"]
[BlackElo "1674"]
[Annotator "NA RC COMBH"]
[PlyCount "104"]
[EventDate "2022.09.16"]
[EventType "swiss"]
[EventCountry "GEO"]
[SourceTitle "playchess.com"]
[Source "ChessBase"]
[SourceQuality "1"]
[TimeControl "5400+30"]

1. d4 c5 2. d5 g6 3. Nf3 f5 4. Bf4 Bg7 5. c3 Qb6 6. Qd2 Nf6 7. Na3 Nxd5 8. Nc4 Qe6 9. Ng5 Qg8 10. Be5 Nf6 11. Na3 a6 12. e3 b5 13. Bd3 Nc6 14. Bg3 Qd5 15. c4 Qxg2 16. Ke2 Nb4 17. cxb5 Qd5 18. Bc4 Qxd2+ 19. Kxd2 d5 20. Be2 h6 21. Nf3 Ne4+ 22. Kc1 Nxg3 23. hxg3 Bb7 24. Rd1 e6 25. bxa6 Bxa6 26. Nb5 Kd7 27. a3 Nc6 28. a4 Rhb8 29. Ra3 Na7 30. Nh4 g5 31. Ng6 Rb6 32. f4 Nc6 33. g4 fxg4 34. Bxg4 c4 35. Rxd5+ Kc8 36. Bxe6+ Kb8 37. Rd7 Bxb2+ 38. Kxb2 Bxb5 39. Kc3 Rxa4 40. Rxa4 Bxa4 41. f5 Rb3+ 42. Kd2 Rb2+ 43. Kc1 c3 44. Rd3 Rc2+ 45. Kb1 Nb4 46. Ne5 Rb2+ 47. Kc1 Nxd3+ 48. Nxd3 Rd2 49. Kb1 Rxd3 50. f6 Rd1+ 51. Ka2 c2 52. f7 Rf1 0-1

[Event "FIDE World Cadets GU12 2022"]
[Site "Batumi"]
[Date "2022.09.24"]
[Round "8.12"]
[White "Kiss, Inez"]
[Black "Zarkym, Ailin"]
[Result "0-1"]
[ECO "C04"]
[WhiteElo "1544"]
[BlackElo "1376"]
[Annotator "NA RC COMBH"]
[PlyCount "46"]
[EventDate "2022.09.16"]
[EventType "swiss"]
[EventCountry "GEO"]
[SourceTitle "playchess.com"]
[Source "ChessBase"]
[SourceQuality "1"]
[TimeControl "5400+30"]

1. e4 e6 2. d4 d5 3. Nd2 Nc6 4. Ngf3 Nf6 5. e5 Nd7 6. c3 f6 7. exf6 Qxf6 8. Bd3 Bd6 9. O-O O-O 10. Re1 e5 11. Qb3 Qf7 12. dxe5 Ndxe5 13. Bxh7+ Kh8 14. Bc2 Bg4 15. Bd1 Nd3 16. Rf1 Qh5 17. h3 Bxh3 18. gxh3 Nf4 19. Ne1 Nxh3+ 20. Kg2 Nf4+ 21. Kg1 Qg5+ 22. Kh1 Qh4+ 23. Kg1 Ne2+ 0-1

[Event "FIDE World Cadets GU12 2022"]
[Site "Batumi"]
[Date "2022.09.24"]
[Round "8.13"]
[White "Imomkuzieva, Nilufarkhon"]
[Black "Enkhuyanga Gantsolmon"]
[Result "1-0"]
[ECO "B07"]
[WhiteElo "1481"]
[BlackElo "1301"]
[Annotator "NA RC COMBH"]
[PlyCount "111"]
[EventDate "2022.09.16"]
[EventType "swiss"]
[EventCountry "GEO"]
[SourceTitle "playchess.com"]
[Source "ChessBase"]
[SourceQuality "1"]
[TimeControl "5400+30"]

1. e4 d6 2. d4 Nf6 3. Nc3 g6 4. f3 Bg7 5. Be3 c6 6. Qd2 Nbd7 7. h4 h5 8. O-O-O b5 9. d5 b4 10. dxc6 bxc3 11. cxd7+ Nxd7 12. Qd5 Rb8 13. Bc4 O-O 14. Bb3 Ne5 15. bxc3 Be6 16. Qd4 Nxf3 17. Qa4 Nxg1 18. Rdxg1 Bd7 19. Qxa7 Bxc3 20. Bh6 Bg7 21. Bxg7 Kxg7 22. Qd4+ Kh7 23. Rf1 Be6 24. e5 Bxb3 25. axb3 Qb6 26. Qxb6 Rxb6 27. exd6 Rxd6 28. Rd1 Rfd8 29. b4 Rc8 30. Rxd6 exd6 31. Kb2 Kg7 32. Kb3 Kf6 33. c4 Ke6 34. Re1+ Kd7 35. b5 Rc7 36. Kb4 Kc8 37. Re8+ Kb7 38. Rd8 Re7 39. Rxd6 Re2 40. Rd7+ Kc8 41. Rxf7 Rxg2 42. b6 g5 43. hxg5 Rxg5 44. c5 Rg1 45. Kb5 h4 46. Rh7 Rg3 47. Rxh4 Rg1 48. Rh7 Rg2 49. c6 Rb2+ 50. Kc5 Rc2+ 51. Kd5 Rd2+ 52. Ke4 Re2+ 53. Kd3 Re8 54. Ra7 Kb8 55. c7+ Kc8 56. Ra8+ 1-0

[Event "FIDE World Cadets GU12 2022"]
[Site "Batumi"]
[Date "2022.09.24"]
[Round "8.15"]
[White "Urangoo, Gurvanbaatar"]
[Black "Aravindakshan, Sahana"]
[Result "1-0"]
[ECO "C95"]
[WhiteElo "1391"]
[BlackElo "1776"]
[Annotator "NA RC COMBH"]
[PlyCount "73"]
[EventDate "2022.09.16"]
[EventType "swiss"]
[EventCountry "GEO"]
[SourceTitle "playchess.com"]
[Source "ChessBase"]
[SourceQuality "1"]
[TimeControl "5400+30"]

1. e4 e5 2. Nf3 Nc6 3. Bb5 a6 4. Ba4 Nf6 5. O-O Be7 6. Re1 b5 7. Bb3 d6 8. c3 O-O 9. h3 Nb8 10. d4 Nbd7 11. a4 Bb7 12. Nbd2 c5 13. d5 c4 14. Bc2 Re8 15. Nf1 Bf8 16. Ng3 g6 17. Nh2 Bg7 18. Ng4 Nxg4 19. Qxg4 Nc5 20. Be3 Qc7 21. h4 h5 22. Qe2 Bf6 23. Bh6 Kh7 24. Nxh5 gxh5 25. Qxh5 Bg7 26. Bd2+ Kg8 27. Re3 f6 28. Rg3 Qf7 29. Rg6 Re7 30. Bh6 Qf8 31. Re1 Bc8 32. Re3 Raa7 33. Rf3 Rf7 34. Rfg3 Rae7 35. Bxg7 Rxg7 36. Rh6 Rxg3 37. Rh8+ 1-0

[Event "FIDE World Cadets GU12 2022"]
[Site "Batumi"]
[Date "2022.09.24"]
[Round "8.16"]
[White "Haasova, Timea"]
[Black "Rathnayake, R M Dulinma Hemalni"]
[Result "1-0"]
[ECO "D05"]
[WhiteElo "1707"]
[BlackElo "1321"]
[Annotator "NA RC COMBH"]
[PlyCount "115"]
[EventDate "2022.09.16"]
[EventType "swiss"]
[EventCountry "GEO"]
[SourceTitle "playchess.com"]
[Source "ChessBase"]
[SourceQuality "1"]
[TimeControl "5400+30"]

1. d4 d5 2. Nf3 Nf6 3. e3 e6 4. Bd3 c5 5. c3 Nc6 6. Nbd2 Be7 7. O-O Qc7 8. dxc5 e5 9. e4 Bxc5 10. exd5 Nxd5 11. Ne4 Bb6 12. Bc4 Nf6 13. Nd6+ Ke7 14. Nxf7 Rf8 15. N7g5 h6 16. Nh3 Bxh3 17. gxh3 Na5 18. Bd3 Rfe8 19. Nxe5 Kf8 20. Ng6+ Kg8 21. Bf4 Qd7 22. b4 Nc6 23. Qb3+ Nd5 24. Bc4 Kh7 25. Bxd5 Kxg6 26. Rad1 Qf5 27. Bf7+ Kh7 28. Bxe8 Qxf4 29. Qc2+ Kh8 30. Bxc6 bxc6 31. Qg6 Bc7 32. Qg3 Qf7 33. Qg2 Rc8 34. Rd2 Re8 35. Rfd1 Qh5 36. Rd7 Be5 37. Qg4 Qxg4+ 38. hxg4 Bxc3 39. a3 Re4 40. h3 a5 41. bxa5 Bxa5 42. R7d6 c5 43. Rc6 c4 44. Rc5 Be1 45. Kf1 Bc3 46. Rc1 Bb2 47. R1xc4 Rxc4 48. Rxc4 Bxa3 49. Ke2 Kg8 50. Rc7 Bd6 51. Rd7 Bf4 52. Kf3 Be5 53. Ke4 Bf6 54. Kf5 Kf8 55. Kg6 Be5 56. Rf7+ Kg8 57. Re7 Bf6 58. Re8# 1-0

[Event "FIDE World Cadets GU12 2022"]
[Site "Batumi"]
[Date "2022.09.24"]
[Round "8.17"]
[White "Tynyshtyk, Diana"]
[Black "Gan, Emily Cathay"]
[Result "1/2-1/2"]
[ECO "B45"]
[WhiteElo "1373"]
[BlackElo "1550"]
[Annotator "NA RC COMBH"]
[PlyCount "113"]
[EventDate "2022.09.16"]
[EventType "swiss"]
[EventCountry "GEO"]
[SourceTitle "playchess.com"]
[Source "ChessBase"]
[SourceQuality "1"]
[TimeControl "5400+30"]

1. e4 c5 2. Nf3 e6 3. d4 cxd4 4. Nxd4 Nf6 5. Nc3 Nc6 6. Ndb5 Bb4 7. a3 Bxc3+ 8. Nxc3 h6 9. Qd6 Qe7 10. e5 Qxd6 11. exd6 Nd4 12. Bd3 O-O 13. Be3 e5 14. Bxd4 exd4 15. Nb5 Ne8 16. O-O-O a6 17. Nc7 Nxc7 18. dxc7 b5 19. Bf5 g6 20. Bg4 Ra7 21. Rxd4 Rxc7 22. Rhd1 f5 23. Bf3 Kg7 24. Bd5 Re8 25. Bf3 Re5 26. h3 Kf7 27. Rd6 Kg7 28. g4 fxg4 29. Bxg4 Re7 30. R1d4 h5 31. Bf3 Re6 32. Be4 Rc5 33. b4 Rce5 34. Rxe6 Rxe6 35. Bb7 Bxb7 36. Rxd7+ Kf6 37. Rxb7 Rc6 38. Kd2 Ke5 39. Re7+ Kf5 40. c3 Rd6+ 41. Kc2 h4 42. Rf7+ Ke4 43. Rf8 g5 44. Rf7 Ke5 45. f3 Rf6 46. Rxf6 Kxf6 47. c4 bxc4 48. a4 Ke5 49. b5 axb5 50. axb5 Kd5 51. b6 Kc6 52. Kc3 Kxb6 53. Kxc4 Kc6 54. Kd4 Kd6 55. Ke4 Ke6 56. f4 g4 57. hxg4 1/2-1/2

[Event "FIDE World Cadets GU12 2022"]
[Site "Batumi"]
[Date "2022.09.24"]
[Round "8.18"]
[White "Derlich, Sarah Sima"]
[Black "Danielyan, Lilia"]
[Result "1-0"]
[ECO "B31"]
[WhiteElo "1490"]
[BlackElo "1299"]
[Annotator "NA RC COMBH"]
[PlyCount "81"]
[EventDate "2022.09.16"]
[EventType "swiss"]
[EventCountry "GEO"]
[SourceTitle "playchess.com"]
[Source "ChessBase"]
[SourceQuality "1"]
[TimeControl "5400+30"]

1. e4 c5 2. Nf3 Nc6 3. Bb5 g6 4. O-O Bg7 5. Re1 e5 6. b3 Nge7 7. Bb2 d6 8. Nc3 O-O 9. Bxc6 Nxc6 10. Nd5 Ne7 11. c4 Nxd5 12. exd5 f5 13. d3 g5 14. Nd2 g4 15. f3 h5 16. fxg4 hxg4 17. g3 Qg5 18. Qe2 Bd7 19. Rf1 Rae8 20. Rae1 Qg6 21. Nb1 f4 22. Nc3 f3 23. Qc2 Rf5 24. Ne4 Kf7 25. Qd2 b6 26. b4 Rh5 27. Rf2 Bf5 28. bxc5 Bxe4 29. Rxe4 bxc5 30. Qa5 Re7 31. Bc1 Bh6 32. Bxh6 Qxh6 33. Qe1 Qg6 34. Rb2 Rh8 35. Qb1 Qf5 36. Rf2 Kg6 37. d4 cxd4 38. Rxg4+ Kf6 39. Rxf3 Rh5 40. Rxf5+ Rxf5 41. Qb8 1-0

[Event "FIDE World Cadets GU12 2022"]
[Site "Batumi"]
[Date "2022.09.24"]
[Round "8.19"]
[White "Sordia, Marta"]
[Black "Hariharan, Shambavi"]
[Result "1-0"]
[ECO "B12"]
[WhiteElo "1363"]
[BlackElo "1465"]
[Annotator "NA RC COMBH"]
[PlyCount "95"]
[EventDate "2022.09.16"]
[EventType "swiss"]
[EventCountry "GEO"]
[SourceTitle "playchess.com"]
[Source "ChessBase"]
[SourceQuality "1"]
[TimeControl "5400+30"]

1. e4 c6 2. d4 d5 3. e5 c5 4. dxc5 Nc6 5. Nf3 Bg4 6. c3 Bxf3 7. Qxf3 Nxe5 8. Bb5+ Nc6 9. c4 e6 10. Nc3 Nge7 11. Bg5 f6 12. Bf4 a6 13. Ba4 d4 14. O-O-O e5 15. Ne4 Ng6 16. Bg3 Rc8 17. h4 Be7 18. h5 Nf8 19. Qg4 Rg8 20. f4 Qd7 21. Qf3 f5 22. Nd6+ Bxd6 23. cxd6 e4 24. Qa3 Ne6 25. c5 d3 26. Rhe1 Ned4 27. Qxd3 b5 28. Bb3 Kf8 29. Qc3 Nxb3+ 30. Qxb3 Na5 31. Qd5 Nb7 32. Bf2 Nd8 33. g4 g6 34. hxg6 hxg6 35. gxf5 gxf5 36. Rg1 Qf7 37. Qxf7+ Kxf7 38. Rxg8 Kxg8 39. Rd5 Kg7 40. Rxf5 b4 41. Kd2 a5 42. Rd5 Nc6 43. Bh4 Nd8 44. Bxd8 Rxd8 45. c6 Kf6 46. c7 Rc8 47. d7 Rxc7 48. d8=Q+ 1-0